Map: Newkirk Precinct TE (Void)

Players

Stephano - Winner!

  • Race: Zerg Zerg
  • Spawn Location: 5:00

Erik

  • Race: Zerg Zerg
  • Spawn Location: 7:00

Event: WESG 2016 Finals

VOD

Have the link to the VOD?

Description

Time

  • Played on: Jan. 12, 2017, 5:47 a.m.
  • Length: 7:28

All games in this series

Show
View Real Time Build Order
Export as new Build Order

Stephano Zerg - Winner!

Build Orders: Pool First 

Get SALT Encoding   

  12  0:00  Drone  
  13  0:13  Overlord  
  13  0:18  Drone  
  14  0:31  Drone x2  
  14  0:35  Drone  
  17  0:46  Spawning Pool  
  17  0:48  Drone  
  17  0:56  Drone  
  18  1:10  Extractor  
  17  1:14  Hatchery  
  17  1:17  Drone  
  17  1:20  Drone  
  18  1:32  Queen  
  20  1:36  Overlord  
  21  1:40  Zergling x2  
  21  1:50  Drone  
  22  2:00  Drone  
  23  2:07  Queen  
  25  2:10  Metabolic Boost  
  25  2:16  Drone  
  26  2:26  Drone  
  26  2:27  Drone  
  28  2:35  Zergling x2  
  29  2:39  Zergling x2  
  29  2:40  Zergling x6  
  33  2:47  Drone  
  33  2:48  Queen  
  36  2:51  Overlord  
  36  3:08  Hatchery  
  35  3:13  Zergling x2  
  35  3:14  Zergling x6  
  39  3:21  Baneling Nest  
  39  3:23  Drone x2  
  40  3:27  Drone  
  40  3:30  Drone  
  40  3:39  Overlord  
  40  3:47  Zergling x8  
  43  3:54  Zergling x2  
  43  3:55  Zergling x4  
  44  3:58  Zergling x4  
  44  4:01  Zergling x2  
  47  4:05  Baneling x2  
  47  4:06  Zergling x4  
  49  4:13  Zergling x4  
  46  4:19  Zergling x2  
  46  4:21  Queen  
  46  4:23  Zergling x2  
  47  4:29  Zergling x6  
  49  4:32  Drone  
  49  4:34  Baneling  
  49  4:36  Baneling  
  49  4:46  Zergling x4  
  50  4:53  Zergling x12  
  52  5:01  Baneling x3  
  51  5:10  Zergling x10  
  51  5:11  Zergling x2  
  51  5:13  Drone  
  56  5:16  Baneling x4  
  56  5:24  Drone x2  
  56  5:25  Overlord  
  56  5:39  Zergling x10  
  54  5:48  Zergling x10  
  58  5:51  Zergling x2  
  58  5:55  Zergling x4  
  58  5:56  Baneling x2  
  58  6:00  Zergling x2  
  58  6:01  Baneling x3  
  53  6:13  Zergling x4  
  51  6:19  Baneling x2  
  51  6:20  Baneling  
  51  6:23  Zergling x2  
  51  6:24  Zergling x14  
  58  6:37  Overlord  
  53  6:53  Zergling x6  
  55  7:01  Zergling x14  
  55  7:02  Baneling x5  
  55  7:05  Zergling x2  
  54  7:11  Zergling x2  
  52  7:16  Hatchery  
Show
View Real Time Build Order
Export as new Build Order

Erik Zerg 

Build Orders: Hatch First 

Get SALT Encoding   

  12  0:01  Drone  
  13  0:13  Overlord  
  13  0:18  Drone  
  14  0:31  Drone x2  
  14  0:35  Drone  
  17  0:54  Hatchery  
  17  0:57  Drone  
  17  0:59  Drone  
  17  1:02  Extractor  
  17  1:15  Spawning Pool  
  17  1:18  Drone  
  17  1:21  Drone  
  18  1:29  Overlord  
  18  2:02  Metabolic Boost, Queen  
  18  2:03  Zergling x6  
  18  2:07  Queen  
  25  2:10  Drone  
  26  2:18  Drone x2  
  28  2:25  Drone  
  28  2:28  Drone  
  30  2:36  Drone  
  30  2:45  Drone  
  31  2:57  Drone x2  
  33  2:59  Overlord  
  33  3:01  Hatchery  
  32  3:10  Zergling x6  
  35  3:14  Zergling x2  
  36  3:21  Zergling x10  
  41  3:32  Zergling x4  
  42  3:37  Zergling x2  
  43  3:45  Baneling Nest  
  43  3:48  Overlord  
  42  3:53  Drone  
  42  3:54  Drone  
  42  3:57  Zergling x4  
  42  3:58  Overlord  
  44  4:06  Overlord  
  44  4:07  Drone x2  
  44  4:09  Zergling x4  
  45  4:18  Zergling x2  
  45  4:22  Zergling x4  
  45  4:23  Queen  
  44  4:29  Zergling x6  
  44  4:30  Baneling x2  
  44  4:31  Baneling x2  
  47  4:35  Zergling x4  
  49  4:39  Baneling  
  42  5:03  Zergling x12  
  42  5:04  Zergling x14  
  54  5:13  Zergling x4  
  52  5:17  Zergling x4  
  54  5:21  Baneling x6  
  51  5:31  Zergling x8  
  48  5:44  Zergling x6  
  48  5:46  Baneling x2  
  51  5:54  Zergling x18  
  45  6:16  Drone x2  
  45  6:18  Drone, Queen  
  45  6:21  Drone  
  45  6:25  Baneling x2  
  47  6:31  Drone  
  48  6:37  Zergling x4  
  48  6:38  Zergling x2  
  51  6:42  Zergling x2  
  47  6:59  Zergling x2  
  47  7:00  Zergling x8  
  30  7:09  Zergling x4  
Tags
 
Add a new tag
Caveats
  • Supply blocks, unpowered buildings, or Contaminate may cause inaccurate times.
  • Supply counts are checked every 10 seconds.